 Dungeon Crawl Stone Soup version 0.31-a0-198-g2ad674f65e (webtiles) character file.

Game seed: 11958870227440547756

62 qw the Shooter (level 3, 0/20 HPs)
             Began as a Deep Elf Hunter on June 25, 2023.
             Slain by an orc
             ... wielding a +0 hand axe
              (3 damage)
             ... on level 2 of the Dungeon.
             The game lasted 00:00:26 (773 turns).

qw the Shooter (Deep Elf Hunter)                     Turns: 773, Time: 00:00:27

Health: 0/20       AC:  7    Str: 10    XL:     3   Next: 85%
Magic:  5/5        EV:  9    Int: 13    God:
Gold:   68         SH:  0    Dex: 18    Spells: 2/2 levels left

rFire   . . .        a - +0 shortbow
rCold   . . .        (shield currently unavailable)
rNeg    + . .        h - +0 scale mail
rPois   .            f - +0 helmet
rElec   .            (no cloak)
rCorr   .            (no gloves)
SInv    .            (no boots)
Will    .....        (no amulet)
Stlth   +            d - ring of positive energy
HPRegen 0.23/turn    (no ring)
MPRegen 0.09/turn

%: no passive effects
@: no status effects
A: no striking features
a: no special abilities


You were on level 2 of the Dungeon.
You visited 1 branch of the dungeon, and saw 2 of its levels.

You collected 68 gold pieces.


   Skills:
 - Level 1.5 Fighting
 + Level 7.3 Ranged Weapons
 - Level 2.4 Dodging
 - Level 1.2 Stealth


You had 2 spell levels left.
You didn't know any spells.
Your spell library was empty.

Inventory:

Hand Weapons
 a - a +0 shortbow (weapon)
Armour
 f - a +0 helmet (worn)
 h - a +0 scale mail (worn)
Jewellery
 d - a ring of positive energy (left hand)
Scrolls
 b - a scroll of amnesia {unknown}
 c - a scroll of blinking {unknown}
 i - a scroll of identify {unknown}
 j - a scroll of immolation {unknown}
 k - a scroll of teleportation {unknown}
Potions
 e - a potion of cancellation {unknown}
 g - a potion of degeneration {unknown}

Dungeon Overview and Level Annotations

Branches:
Dungeon (2/15)

Altars:


Message History

An orc wizard comes into view. It is wielding a +0 dagger.
You shoot an arrow.
The arrow closely misses the orc wizard.
The orc wizard points at you and mumbles some strange words.
You are confused.
An orc comes into view. It is wielding a +0 hand axe.
You feel less confused. The orc hits you but does no damage.
You shoot an arrow. The arrow barely misses the orc.
The orc barely misses you.
The orc wizard mumbles some strange words.
The orc wizard flickers and vanishes!
Deactivating autopickup; reactivate with Ctrl-A.
You shoot an arrow. The arrow hits the orc!
You kill the orc!
You shoot an arrow. Something hits you but does no damage.
Something completely misses you.
You shoot an arrow. The arrow barely misses the orc.
You shoot an arrow.
The arrow hits the orc but does no damage.
You shoot an arrow. The arrow barely misses the orc.
The orc barely misses you. The orc hits you but does no damage.
Something completely misses you.
You shoot an arrow. The arrow closely misses the orc.
The orc hits you but does no damage. Something hits you but does no damage.
You shoot an arrow. The arrow barely misses the orc.
The orc barely misses you.
You hear some strange, mumbled words.
You are confused.
Something hits you. The orc hits you but does no damage.
Something hits you but does no damage. The orc hits you with a +0 hand axe.
Something hits you. The orc hits you but does no damage.
Something hits you but does no damage. The orc hits you with a +0 hand axe.
Something hits you. The orc hits you but does no damage.
You feel less confused. Something hits you but does no damage.
The orc hits you with a +0 hand axe.
You shoot an arrow. The arrow hits the orc.
The orc is almost dead.
Something hits you but does no damage. The orc hits you with a +0 hand axe.
You die...

. .% .)... ...... ......
......######
#....o@...######
#....{....#....#.#
#.........#.##.#.#
#.........#.##.#.#
#.........#.##.#.#
###.........#.#..#.#
............#.##.#.#
........)...#.##.#.#####.
##.......................


You could see an orc.

Vanquished Creatures
  An adder (D:2)
  A worm (D:2)
  2 dart slugs (D:1)
  2 orcs (D:2)
  3 ball pythons (D:1)
  4 endoplasms
  4 giant cockroaches (D:1)
  7 goblins
  3 hobgoblins
  3 kobolds (D:1)
  2 quokkas
  3 bats (D:1)
  2 frilled lizards (D:1)
  2 rats
39 creatures vanquished.

Notes
Turn   | Place    | Note
-------+----------+-------------------------------------------
     0 | D:1      | qw the Deep Elf Hunter began the quest for the Orb.
     0 | D:1      | Reached XP level 1. HP: 12/12 MP: 3/3
     0 | D:1      | 0 ||| qw: Version: 0.3-a-22-g0ed2b0b
     0 | D:1      | 0 ||| qw: Game counter: 5152
     0 | D:1      | 0 ||| qw: Melee chars always use a shield: true
     0 | D:1      | 0 ||| qw: God list: Okawaru
     0 | D:1      | 0 ||| qw: Allow faded altars: false
     0 | D:1      | 0 ||| qw: Do Orc after clearing Dungeon:15 true
     0 | D:1      | 0 ||| qw: Do second Lair branch before Depths: true
     0 | D:1      | 0 ||| qw: Lair rune preference: random
     0 | D:1      | 0 ||| qw: Goals: Normal
     0 | D:1      | 0 ||| PLANNING D:1-11
   123 | D:1      | Reached XP level 2. HP: 16/16 MP: 4/4
   131 | D:1      | Reached skill level 6 in Ranged Weapons
   376 | D:1      | Reached XP level 3. HP: 20/20 MP: 5/5
   575 | D:1      | 575 ||| UPGRADING to +0 helmet.
   580 | D:1      | 580 ||| UPGRADING to +0 scale mail.
   590 | D:1      | 590 ||| DROPPING +0 leather armour.
   591 | D:1      | 591 ||| UPGRADING to ring of positive energy.
   592 | D:1      | 592 ||| DROPPING scroll of butterflies.
   679 | D:2      | Reached skill level 7 in Ranged Weapons
   772 | D:2      | HP: 3/20 [orc/+0 hand axe (6)]
   773 | D:2      | Slain by an orc

Levels and vault maps discovered:
D:1:      amcnicky_arrival_underground_garden, layout_loops_ring
D:2:      layout_basic

Skill      XL: |  1  2  3 |
---------------+----------+-----
Ranged Weapons | 6 7 |  7.3
Fighting       | |  1.5
Dodging        | |  2.4
Stealth        | |  1.2

Action                     || total
---------------------------++-------
   Fire: Shortbow          ||   112
 Armour: Leather armour    ||    11
         Scale mail        ||    27
  Dodge: Dodged            ||    28

Table legend:
 A = Non-vault XP
 B = Vault XP
 C = Vault XP percentage of total XP
 D = Non-vault monster count
 E = Vault monster count
 F = Vault count percentage of total count
                 A         B        C        D         E       F
            +---------+---------+-------+---------+---------+-------
      Total |      89 |       0 |   0.0 |      39 |       0 |   0.0
            +---------+---------+-------+---------+---------+-------
        D:1 |      54 |       0 |   0.0 |      29 |       0 |   0.0
        D:2 |      35 |       0 |   0.0 |      10 |       0 |   0.0
            +---------+---------+-------+---------+---------+-------
